[Event "29. Klatovy A 2023"]
[Site "Klatovy"]
[Date "2023.07.05"]
[Round "5.1"]
[White "Neuman, Petr"]
[Black "Vorisek, Jaroslav"]
[Result "1-0"]
[ECO "A81"]
[WhiteElo "2398"]
[BlackElo "2260"]
[PlyCount "51"]
[EventDate "2023.07.01"]
[EventType "swiss"]
[EventRounds "9"]
[EventCountry "CZE"]
[TimeControl "120+30"]

1. d4 f5 2. g3 Nf6 3. Bg2 g6 4. c3 Bg7 5. Qb3 c6 6. Nd2 d5 7. Nh3 O-O 8. Nf4 e5 9. dxe5 Ng4 10. c4 d4 11. c5+ Kh8 12. h4 Bxe5 13. Nc4 Bc7 14. Nd3 Be6 15. Bg5 Qe8 16. Qa4 Bd5 17. Bxd5 cxd5 18. Qxe8 Rxe8 19. Nd6 Bxd6 20. cxd6 h6 21. Bf4 Nc6 22. Rc1 Rad8 23. Nc5 Nce5 24. Nxb7 d3 25. Bxe5+ Rxe5 26. O-O 1-0

[Event "29. Klatovy A 2023"]
[Site "Klatovy"]
[Date "2023.07.05"]
[Round "5.2"]
[White "Slovak, Kilian"]
[Black "Horak, Martin"]
[Result "1/2-1/2"]
[ECO "B77"]
[WhiteElo "2297"]
[BlackElo "2266"]
[PlyCount "29"]
[EventDate "2023.07.01"]
[EventType "swiss"]
[EventRounds "9"]
[EventCountry "CZE"]
[TimeControl "120+30"]

1. e4 c5 2. Nf3 d6 3. d4 cxd4 4. Nxd4 Nf6 5. Nc3 g6 6. Be3 Bg7 7. f3 O-O 8. Qd2 Nc6 9. Bc4 Nxd4 10. Bxd4 Be6 11. Bb3 Qa5 12. O-O-O b5 13. Kb1 b4 14. Nd5 Bxd5 15. exd5 1/2-1/2

[Event "29. Klatovy A 2023"]
[Site "Klatovy"]
[Date "2023.07.05"]
[Round "5.3"]
[White "Jun, Rudolf"]
[Black "Straka, Vojtech"]
[Result "0-1"]
[ECO "B40"]
[WhiteElo "2223"]
[BlackElo "2433"]
[PlyCount "84"]
[EventDate "2023.07.01"]
[EventType "swiss"]
[EventRounds "9"]
[EventCountry "CZE"]
[TimeControl "120+30"]

1. e4 c5 2. Nf3 e6 3. g3 Nf6 4. d3 d5 5. exd5 Nxd5 6. Bg2 Be7 7. O-O Nc6 8. d4 cxd4 9. Nxd4 Nxd4 10. Qxd4 O-O 11. c4 Nb4 12. Qc3 Nc6 13. Be3 e5 14. Na3 Bb4 15. Qb3 Qe7 16. Nb5 Be6 17. a3 Bc5 18. Bd5 Rad8 19. Rad1 Bg4 20. Rd2 a6 21. Nc3 Bxe3 22. fxe3 Kh8 23. Qb6 f5 24. Rff2 Rc8 25. Bxc6 Rxc6 26. Nd5 Qf7 27. Qb4 Re8 28. c5 Qh5 29. Qxb7 Rxc5 30. Nc7 Qf7 31. Rc2 Rxc2 32. Rxc2 Rd8 33. Qc6 f4 34. gxf4 exf4 35. e4 Qh5 36. Rd2 Rg8 37. Qd5 Qh4 38. Rf2 Bh3 39. Qd2 Qg4+ 40. Kh1 f3 41. Qe3 Rf8 42. Nd5 Qg2+ 0-1

[Event "29. Klatovy A 2023"]
[Site "Klatovy"]
[Date "2023.07.05"]
[Round "5.4"]
[White "Soural, Jan"]
[Black "Hurdzan, Tomas"]
[Result "1/2-1/2"]
[ECO "D92"]
[WhiteElo "2176"]
[BlackElo "2309"]
[PlyCount "62"]
[EventDate "2023.07.01"]
[EventType "swiss"]
[EventRounds "9"]
[EventCountry "CZE"]
[TimeControl "120+30"]

1. c4 Nf6 2. Nf3 g6 3. Nc3 Bg7 4. d4 d5 5. Bf4 O-O 6. Rc1 Be6 7. c5 Nh5 8. Bg3 c6 9. e3 Nxg3 10. hxg3 Bg4 11. Qb3 b6 12. cxb6 axb6 13. Be2 Nd7 14. O-O Qb8 15. Ne1 Bxe2 16. Nxe2 Qd6 17. Nc2 Rfc8 18. Rfd1 h5 19. a3 b5 20. Nf4 e5 21. dxe5 Bxe5 22. Nd4 Nb6 23. Nd3 Bf6 24. Qb4 Qd7 25. Nc5 Qe8 26. b3 Be7 27. a4 Nd7 28. Nxd7 Qxd7 29. Qc3 bxa4 30. bxa4 c5 31. Ne2 Qxa4 1/2-1/2

[Event "29. Klatovy A 2023"]
[Site "Klatovy"]
[Date "2023.07.05"]
[Round "5.5"]
[White "Skypala, Ondrej"]
[Black "Jurek, Josef"]
[Result "0-1"]
[ECO "A13"]
[WhiteElo "2163"]
[BlackElo "2251"]
[PlyCount "64"]
[EventDate "2023.07.01"]
[EventType "swiss"]
[EventRounds "9"]
[EventCountry "CZE"]
[TimeControl "120+30"]

1. c4 e6 2. g3 d5 3. Bg2 c6 4. Nf3 b5 5. b3 Ba6 6. cxd5 cxd5 7. O-O Nf6 8. d4 Be7 9. Ne5 O-O 10. Nd2 Qb6 11. Ndf3 Ne4 12. a3 b4 13. Nd3 Nc6 14. axb4 Nxb4 15. Nfe5 Bxd3 16. Nxd3 Nc3 17. Qd2 Qxd4 18. Nxb4 Bxb4 19. Ra2 Qxd2 20. Rxd2 Rfc8 21. Bf3 a5 22. Kg2 Rc6 23. Rd3 Rac8 24. Bb2 Nb5 25. e4 Rc2 26. Bd4 dxe4 27. Bxe4 f5 28. Bb7 Rd8 29. Rfd1 Nxd4 30. Rxd4 Rxd4 31. Rxd4 Bc5 32. Rf4 g5 0-1

[Event "29. Klatovy A 2023"]
[Site "Klatovy"]
[Date "2023.07.05"]
[Round "5.6"]
[White "Folkova, Martina"]
[Black "Flajsman, Pavel"]
[Result "0-1"]
[ECO "C54"]
[WhiteElo "2049"]
[BlackElo "2192"]
[PlyCount "144"]
[EventDate "2023.07.01"]
[EventType "swiss"]
[EventRounds "9"]
[EventCountry "CZE"]
[TimeControl "120+30"]

1. e4 e5 2. Nf3 Nc6 3. Bc4 Bc5 4. c3 Nf6 5. d4 exd4 6. cxd4 Bb4+ 7. Nc3 Nxe4 8. O-O Bxc3 9. d5 Ne5 10. Qe2 O-O 11. bxc3 Nxc4 12. Qxe4 Nd6 13. Qd3 Qf6 14. Re1 b6 15. Ba3 Bb7 16. Ne5 Rfe8 17. Ng4 Qf4 18. Ne3 Qe4 19. Qd2 Nc4 20. Nxc4 Qxc4 21. Rxe8+ Rxe8 22. Re1 Rxe1+ 23. Qxe1 h6 24. f3 Qxd5 25. Qe8+ Kh7 26. h3 Qxa2 27. Bf8 Qa1+ 28. Kh2 Qxc3 29. Qxd7 Qe5+ 30. Kg1 Qe1+ 31. Kh2 Qe5+ 32. Kg1 Bd5 33. Be7 Be6 34. Qd8 Qe1+ 35. Kh2 Qe5+ 36. Kh1 a5 37. Bh4 a4 38. Bf2 b5 39. Qd3+ Bf5 40. Qa3 Qd5 41. Qc3 c6 42. Bc5 Qb3 43. Qe5 Qe6 44. Qc3 Qe8 45. Ba3 Be6 46. Qd3+ Kg8 47. Qc3 Bd5 48. Qc5 Qe1+ 49. Kh2 Qe5+ 50. Kh1 Qf5 51. Qf8+ Kh7 52. Bd6 Bc4 53. Kg1 Qb1+ 54. Kh2 Qg6 55. Kg1 Be2 56. Kf2 Bc4 57. Kg1 Qb1+ 58. Kh2 Be6 59. Be5 f6 60. Bc3 Qc2 61. Bb4 Bc4 62. Qc5 Bd3 63. Qd4 Bf1 64. Qg1 Qe2 65. Bd6 Kg6 66. Kg3 h5 67. h4 Kh7 68. Bc5 Bxg2 69. Qb1+ g6 70. Qb4 Qxf3+ 71. Kh2 Qh3+ 72. Kg1 Bd5 0-1

[Event "29. Klatovy A 2023"]
[Site "Klatovy"]
[Date "2023.07.05"]
[Round "5.7"]
[White "Janous, Marek"]
[Black "Filindash, Nikita"]
[Result "1-0"]
[ECO "D31"]
[WhiteElo "2185"]
[BlackElo "2011"]
[PlyCount "45"]
[EventDate "2023.07.01"]
[EventType "swiss"]
[EventRounds "9"]
[EventCountry "CZE"]
[TimeControl "120+30"]

1. d4 d5 2. c4 e6 3. Nc3 c6 4. e4 dxe4 5. Nxe4 Bb4+ 6. Bd2 Qxd4 7. Bxb4 Qxe4+ 8. Be2 Na6 9. Ba5 b6 10. Qd6 Bd7 11. Bc3 f6 12. Rd1 O-O-O 13. Qa3 Kb7 14. Nf3 Nh6 15. c5 Nc7 16. cxb6 axb6 17. Nd2 Qxg2 18. Bf3 Qh3 19. Bxf6 e5 20. Bxd8 Rxd8 21. Nc4 Nb5 22. Bxc6+ Kxc6 23. Qxh3 1-0

[Event "29. Klatovy A 2023"]
[Site "Klatovy"]
[Date "2023.07.05"]
[Round "5.8"]
[White "Zhang, Brian"]
[Black "Dvorak, Jan"]
[Result "1/2-1/2"]
[ECO "C18"]
[WhiteElo "1821"]
[BlackElo "2176"]
[PlyCount "76"]
[EventDate "2023.07.01"]
[EventType "swiss"]
[EventRounds "9"]
[EventCountry "CZE"]
[TimeControl "120+30"]

1. e4 e6 2. d4 d5 3. Nc3 Bb4 4. e5 c5 5. a3 Bxc3+ 6. bxc3 Qa5 7. Bd2 Qa4 8. Qg4 Kf8 9. Nf3 Nc6 10. h4 Nge7 11. h5 h6 12. Bd3 c4 13. Be2 Qxc2 14. Rc1 Qe4 15. Qxe4 dxe4 16. Ng1 b5 17. Rh4 a5 18. a4 Ba6 19. Rxe4 Nd5 20. axb5 Bxb5 21. Rb1 Rb8 22. Bd1 Ke7 23. Ne2 a4 24. Bc1 Na5 25. Ba3+ Kd7 26. Rxb5 Rxb5 27. Bxa4 Kc6 28. Rg4 Rg8 29. Bc1 Ne7 30. Ba3 Nd5 31. Bc1 Ne7 32. Ng3 Kb6 33. Bxb5 Kxb5 34. Ne4 Ka4 35. Nc5+ Kb5 36. Ne4 Ka4 37. Nc5+ Kb5 38. Ne4 Ka4 1/2-1/2

[Event "29. Klatovy A 2023"]
[Site "Klatovy"]
[Date "2023.07.05"]
[Round "5.9"]
[White "Kupsa, Matej 2001"]
[Black "Flajsman, Petr"]
[Result "1-0"]
[ECO "D32"]
[WhiteElo "2145"]
[BlackElo "1956"]
[PlyCount "93"]
[EventDate "2023.07.01"]
[EventType "swiss"]
[EventRounds "9"]
[EventCountry "CZE"]
[TimeControl "120+30"]

1. Nf3 Nf6 2. b3 d5 3. Bb2 c5 4. e3 e6 5. c4 Be7 6. Nc3 O-O 7. cxd5 exd5 8. d4 Nc6 9. Be2 Bg4 10. dxc5 Bxc5 11. O-O Be6 12. Rc1 Be7 13. Nd4 Rc8 14. Na4 Nxd4 15. Qxd4 b6 16. Rxc8 Qxc8 17. Rc1 Qb7 18. Bf3 Rd8 19. Nc3 h6 20. Nb5 Rc8 21. Rxc8+ Bxc8 22. Qe5 Qd7 23. Qc7 Qxb5 24. Qxc8+ Kh7 25. Qf5+ g6 26. Qe5 Qd3 27. g3 Bd8 28. Kg2 g5 29. h3 Qc2 30. Bd4 Qc6 31. Qf5+ Kg8 32. Qe5 Qe6 33. Qb8 Qe7 34. Qc8 Ne4 35. Qc6 Qe6 36. Qa8 Qd6 37. Bxe4 dxe4 38. Qxe4 a5 39. Qe8+ Qf8 40. Qxf8+ Kxf8 41. Kf3 Ke7 42. Ke4 Ke6 43. g4 f6 44. a4 Bc7 45. f4 Bd8 46. Bb2 Be7 47. f5+ 1-0

[Event "29. Klatovy A 2023"]
[Site "Klatovy"]
[Date "2023.07.05"]
[Round "5.10"]
[White "Kishore, Kumar Jaganathan"]
[Black "Jordanov, Mihail"]
[Result "1-0"]
[ECO "D11"]
[WhiteElo "1860"]
[BlackElo "2140"]
[PlyCount "89"]
[EventDate "2023.07.01"]
[EventType "swiss"]
[EventRounds "9"]
[EventCountry "CZE"]
[TimeControl "120+30"]

1. d4 d5 2. c4 c6 3. Nf3 Nf6 4. g3 Bf5 5. Nc3 e6 6. Nh4 dxc4 7. Nxf5 exf5 8. e3 Nbd7 9. Bxc4 Nb6 10. Bb3 Qd7 11. f3 O-O-O 12. Bd2 h5 13. Qe2 h4 14. O-O-O hxg3 15. hxg3 Bd6 16. Rxh8 Rxh8 17. Be1 Re8 18. e4 Bb4 19. e5 Nfd5 20. f4 Be7 21. a4 Rh8 22. a5 Na8 23. Nxd5 cxd5 24. Kb1 Nc7 25. Rc1 Kb8 26. Qc2 Na6 27. Ba4 Qe6 28. g4 g6 29. gxf5 Qxf5 30. Qxf5 gxf5 31. Bd7 Nc7 32. Bxf5 Ne6 33. Bxe6 fxe6 34. Bc3 Rh7 35. a6 bxa6 36. Ba5 Bh4 37. Rh1 Rh6 38. f5 exf5 39. Bd2 Rh8 40. Bg5 Rh5 41. Bxh4 f4 42. e6 Rh8 43. e7 Kc8 44. Re1 Kd7 45. Bf6 1-0

[Event "29. Klatovy A 2023"]
[Site "Klatovy"]
[Date "2023.07.05"]
[Round "5.11"]
[White "Hladky, Tadeas"]
[Black "Munk, Petr"]
[Result "1/2-1/2"]
[ECO "B06"]
[WhiteElo "2046"]
[BlackElo "2096"]
[PlyCount "22"]
[EventDate "2023.07.01"]
[EventType "swiss"]
[EventRounds "9"]
[EventCountry "CZE"]
[TimeControl "120+30"]

1. e4 g6 2. d4 d6 3. Nc3 Bg7 4. f4 a6 5. Nf3 b5 6. Bd3 Bb7 7. O-O Nd7 8. e5 c5 9. Be4 Bxe4 10. Nxe4 cxd4 11. exd6 Qb6 1/2-1/2

[Event "29. Klatovy A 2023"]
[Site "Klatovy"]
[Date "2023.07.05"]
[Round "5.12"]
[White "Palek, Miroslav"]
[Black "Polak, Michal 2002"]
[Result "1-0"]
[ECO "B07"]
[WhiteElo "2091"]
[BlackElo "1959"]
[PlyCount "73"]
[EventDate "2023.07.01"]
[EventType "swiss"]
[EventRounds "9"]
[EventCountry "CZE"]
[TimeControl "120+30"]

1. d4 d6 2. e4 Nf6 3. Nc3 e5 4. Nge2 Nbd7 5. g3 g6 6. Bg2 Bg7 7. h3 O-O 8. Be3 c6 9. a4 Qc7 10. O-O b6 11. f4 Bb7 12. dxe5 dxe5 13. f5 a6 14. g4 h6 15. g5 hxg5 16. Bxg5 b5 17. Ng3 Qb6+ 18. Kh1 c5 19. a5 Qc7 20. fxg6 fxg6 21. Nd5 Nxd5 22. exd5 Rxf1+ 23. Qxf1 Rf8 24. Qd3 Nf6 25. Qxg6 Bxd5 26. Bxd5+ Nxd5 27. Nf5 Nf4 28. Bxf4 exf4 29. Rg1 Rf7 30. Nh6+ Kf8 31. Nxf7 Qxf7 32. Qxf7+ Kxf7 33. c3 Be5 34. Rd1 Ke6 35. Kg2 c4 36. Re1 Kf5 37. Rxe5+ 1-0

[Event "29. Klatovy A 2023"]
[Site "Klatovy"]
[Date "2023.07.05"]
[Round "5.13"]
[White "Stary, Vojtech"]
[Black "Kopta, Pavel"]
[Result "1/2-1/2"]
[ECO "B22"]
[WhiteElo "1822"]
[BlackElo "2209"]
[PlyCount "110"]
[EventDate "2023.07.01"]
[EventType "swiss"]
[EventRounds "9"]
[EventCountry "CZE"]
[TimeControl "120+30"]

1. e4 c5 2. c3 d6 3. d4 Nf6 4. dxc5 Nc6 5. f3 d5 6. exd5 Nxd5 7. Bc4 e6 8. Bxd5 exd5 9. Be3 Bf5 10. Ne2 Be7 11. O-O O-O 12. Nd4 Bg6 13. Nxc6 bxc6 14. Nd2 a5 15. f4 Bd3 16. Re1 Rb8 17. b3 Qc7 18. Nf3 Be4 19. Ne5 Rfe8 20. Qd2 f6 21. Nd3 Qa7 22. Bd4 Bxd3 23. Qxd3 Bxc5 24. Bxc5 Qxc5+ 25. Qd4 Qxd4+ 26. cxd4 Rxe1+ 27. Rxe1 Rb4 28. Rc1 Rxd4 29. Rxc6 Rd1+ 30. Kf2 Rd2+ 31. Kf1 d4 32. Rd6 d3 33. Rd5 Rxa2 34. Rxd3 Kf7 35. Rd7+ Kg6 36. Ra7 h5 37. b4 a4 38. b5 h4 39. b6 h3 40. gxh3 Rxh2 41. Rxa4 Rb2 42. Ra6 Kf5 43. Ra7 g6 44. Rb7 Kxf4 45. Rb8 f5 46. b7 Kf3 47. Kg1 f4 48. Rg8 Rb1+ 49. Kh2 Rxb7 50. Rxg6 Kf2 51. Rg2+ Ke3 52. Ra2 Rd7 53. Ra1 Rd2+ 54. Kg1 Kf3 55. Ra3+ Ke4 1/2-1/2

[Event "29. Klatovy A 2023"]
[Site "Klatovy"]
[Date "2023.07.05"]
[Round "5.14"]
[White "Folk, Petr"]
[Black "Zadrapa, Radek"]
[Result "1-0"]
[ECO "B99"]
[WhiteElo "2135"]
[BlackElo "2014"]
[PlyCount "63"]
[EventDate "2023.07.01"]
[EventType "swiss"]
[EventRounds "9"]
[EventCountry "CZE"]
[TimeControl "120+30"]

1. e4 c5 2. Nf3 d6 3. d4 cxd4 4. Nxd4 Nf6 5. Nc3 a6 6. Bg5 e6 7. f4 Be7 8. Qf3 Qc7 9. O-O-O Nbd7 10. g4 b5 11. Bxf6 Nxf6 12. g5 Nd7 13. f5 O-O 14. Qg3 b4 15. Nce2 Kh8 16. fxe6 Nc5 17. Bg2 fxe6 18. e5 d5 19. Nf4 Bd7 20. Kb1 a5 21. h4 a4 22. h5 Kg8 23. Ng6 Rf7 24. Rhf1 hxg6 25. hxg6 Rxf1 26. Rxf1 Be8 27. Nxe6 Qd7 28. Nf4 Ne4 29. Bxe4 dxe4 30. Qh4 Bxg5 31. Qh7+ Kf8 32. Nd5+ 1-0

[Event "29. Klatovy A 2023"]
[Site "Klatovy"]
[Date "2023.07.05"]
[Round "5.15"]
[White "Ret, Adam Josef"]
[Black "Mik, Tomas"]
[Result "1/2-1/2"]
[ECO "A39"]
[WhiteElo "2133"]
[BlackElo "1940"]
[PlyCount "106"]
[EventDate "2023.07.01"]
[EventType "swiss"]
[EventRounds "9"]
[EventCountry "CZE"]
[TimeControl "120+30"]

1. c4 Nf6 2. g3 g6 3. Bg2 Bg7 4. Nc3 O-O 5. d4 c5 6. Nf3 cxd4 7. Nxd4 Nc6 8. O-O a6 9. e3 Qc7 10. b3 d6 11. Bb2 e6 12. Qd2 Bd7 13. Rfd1 Rfd8 14. Rac1 Qb6 15. Nde2 Be8 16. Ba3 Bf8 17. Qb2 Be7 18. Rd2 Rd7 19. Rcd1 Rad8 20. Qa1 h5 21. Nf4 Qa5 22. Bb2 Nh7 23. Ne4 Qf5 24. f3 Qa5 25. Bc3 Qb6 26. Kf2 Nb4 27. a3 Nc6 28. b4 a5 29. Qb2 Ne5 30. Rd4 g5 31. Ne2 f5 32. c5 dxc5 33. Rxd7 Rxd7 34. Rxd7 Nxd7 35. Nxc5 Nxc5 36. bxc5 Qxb2 37. Bxb2 Bxc5 38. Nd4 Bd7 39. Nb3 Bb6 40. f4 gxf4 41. gxf4 Bc6 42. Bxc6 bxc6 43. Bc3 a4 44. Nd2 Bc5 45. Nc4 Nf8 46. Bb2 Ng6 47. Kf3 Kf7 48. Na5 Ne7 49. Nb7 Bb6 50. Nd6+ Kf8 51. e4 fxe4+ 52. Kxe4 Bc7 53. Nb7 Nd5 1/2-1/2

[Event "29. Klatovy A 2023"]
[Site "Klatovy"]
[Date "2023.07.05"]
[Round "5.16"]
[White "Pirklova, Hana"]
[Black "Mametev, Artem"]
[Result "0-1"]
[ECO "C02"]
[WhiteElo "2085"]
[BlackElo "1991"]
[PlyCount "130"]
[EventDate "2023.07.01"]
[EventType "swiss"]
[EventRounds "9"]
[EventCountry "CZE"]
[TimeControl "120+30"]

1. e4 e6 2. d4 d5 3. e5 c5 4. c3 Nc6 5. Nf3 Bd7 6. Be2 Nge7 7. Na3 cxd4 8. Nb5 Nf5 9. Nbxd4 Nfxd4 10. cxd4 Bb4+ 11. Bd2 Qa5 12. a3 Bxd2+ 13. Qxd2 Qxd2+ 14. Kxd2 Na5 15. Ke3 b5 16. Nd2 Nc4+ 17. Bxc4 bxc4 18. b3 c3 19. Nb1 Rb8 20. b4 c2 21. Nc3 Ke7 22. Rhc1 a5 23. bxa5 Rhc8 24. Rxc2 Rb3 25. Kd2 Ra8 26. Ne2 Rxa5 27. Rc3 Rb2+ 28. Ke3 Bb5 29. Nc1 Bc4 30. Nd3 Bxd3 31. Rxd3 f6 32. Rc1 fxe5 33. dxe5 Ra2 34. Rc7+ Kf8 35. Rcc3 Ra4 36. Rc8+ Kf7 37. Rc7+ Kg6 38. f4 Rxg2 39. Re7 Rxh2 40. Rd1 Rh3+ 41. Ke2 Re4+ 42. Kf2 Rxf4+ 43. Kg2 Rxa3 44. Rxe6+ Kf5 45. Re7 Rg4+ 46. Kh2 Ke4 47. e6 Rh4+ 48. Kg2 Rg4+ 49. Kh2 Rg6 50. Rf7 Rxe6 51. Rxg7 Rh6+ 52. Kg2 Rg6+ 53. Rxg6 hxg6 54. Kf2 g5 55. Re1+ Kf4 56. Rd1 Ra2+ 57. Kg1 Ke4 58. Re1+ Kf3 59. Re5 g4 60. Rf5+ Kg3 61. Kf1 d4 62. Rd5 Kf3 63. Rf5+ Ke4 64. Rg5 d3 65. Rxg4+ Kf3 0-1

[Event "29. Klatovy A 2023"]
[Site "Klatovy"]
[Date "2023.07.05"]
[Round "5.17"]
[White "Pycha, Patrik"]
[Black "Topencik, Bruno"]
[Result "1-0"]
[ECO "B12"]
[WhiteElo "2058"]
[BlackElo "1780"]
[PlyCount "95"]
[EventDate "2023.07.01"]
[EventType "swiss"]
[EventRounds "9"]
[EventCountry "CZE"]
[TimeControl "120+30"]

1. e4 c6 2. d4 d5 3. e5 Bf5 4. h4 h6 5. g4 Be4 6. f3 Bh7 7. e6 Qd6 8. exf7+ Kxf7 9. f4 Nf6 10. Nf3 Nxg4 11. Bh3 h5 12. Ng5+ Kg8 13. Qe2 Bf5 14. Be3 Nd7 15. Nd2 e6 16. Ndf3 Be7 17. O-O-O Bxg5 18. hxg5 g6 19. Rdg1 Kg7 20. Bd2 Rae8 21. Nh4 Nb6 22. Bxg4 Bxg4 23. Rxg4 hxg4 24. Qd3 Rxh4 25. Rxh4 Qf8 26. Qe2 Nd7 27. Qh2 Qg8 28. Rxg4 a5 29. Rh4 b6 30. Rh6 Re7 31. Qe2 Qf7 32. Qh2 Qg8 33. Qh3 Re8 34. Qc3 Rc8 35. a4 Qf7 36. Qh3 Nf8 37. Qb3 Qc7 38. Kb1 b5 39. Qh3 bxa4 40. Qh4 Rb8 41. f5 exf5 42. Bf4 Qb6 43. Be5+ Kf7 44. Rh7+ Nxh7 45. Qxh7+ Ke6 46. Qxg6+ Kd7 47. Qd6+ Kc8 48. Qxb8+ 1-0

[Event "29. Klatovy A 2023"]
[Site "Klatovy"]
[Date "2023.07.05"]
[Round "5.18"]
[White "Martirosyan, David"]
[Black "Pecka, Jan"]
[Result "1/2-1/2"]
[ECO "E36"]
[WhiteElo "1908"]
[BlackElo "2054"]
[PlyCount "66"]
[EventDate "2023.07.01"]
[EventType "swiss"]
[EventRounds "9"]
[EventCountry "CZE"]
[TimeControl "120+30"]

1. d4 Nf6 2. c4 e6 3. Nc3 Bb4 4. Qc2 O-O 5. a3 Bxc3+ 6. Qxc3 d5 7. Nf3 dxc4 8. Qxc4 b6 9. Bg5 Nbd7 10. e3 Bb7 11. Be2 c5 12. O-O Rc8 13. Rfd1 Qe7 14. Qa4 a6 15. dxc5 b5 16. Qb4 Qxc5 17. Qxc5 Nxc5 18. Nd4 Na4 19. Rab1 Be4 20. Bd3 Bxd3 21. Rxd3 Nxb2 22. Rb3 Nc4 23. Bxf6 gxf6 24. Rc3 Nb6 25. Nc6 Kg7 26. Rbc1 Rc7 27. Nb4 Rxc3 28. Rxc3 a5 29. Na6 Ra8 30. Nc7 b4 31. Rc6 Rc8 32. axb4 axb4 33. g3 b3 1/2-1/2

[Event "29. Klatovy A 2023"]
[Site "Klatovy"]
[Date "2023.07.06"]
[Round "6.1"]
[White "Straka, Vojtech"]
[Black "Neuman, Petr"]
[Result "1-0"]
[ECO "A11"]
[WhiteElo "2433"]
[BlackElo "2398"]
[PlyCount "87"]
[EventDate "2023.07.01"]
[EventType "swiss"]
[EventRounds "9"]
[EventCountry "CZE"]
[TimeControl "120+30"]

1. c4 c6 2. Nf3 d5 3. e3 Nf6 4. Nc3 a6 5. Qc2 g6 6. d4 Bf5 7. Bd3 Bxd3 8. Qxd3 Bg7 9. e4 Nxe4 10. Nxe4 dxe4 11. Qxe4 O-O 12. O-O Nd7 13. Bg5 Nf6 14. Qe2 e6 15. Rad1 Qc7 16. Rfe1 Rfe8 17. b3 c5 18. Qe5 Nd5 19. Qxc7 Nxc7 20. dxc5 a5 21. Rd7 Na6 22. Be3 f5 23. Rxb7 e5 24. g3 f4 25. gxf4 exf4 26. Bxf4 Rxe1+ 27. Nxe1 Nxc5 28. Rb8+ Rxb8 29. Bxb8 Bc3 30. Kf1 a4 31. bxa4 Nxa4 32. Nd3 Kf7 33. Be5 Ba5 34. Bd4 Ke6 35. Nc5+ Nxc5 36. Bxc5 g5 37. f3 h5 38. h3 Kf5 39. Bd6 g4 40. Kg2 Ke6 41. Bg3 gxf3+ 42. Kxf3 Kd7 43. Ke4 Kc6 44. Bf2 1-0

[Event "29. Klatovy A 2023"]
[Site "Klatovy"]
[Date "2023.07.06"]
[Round "6.2"]
[White "Jurek, Josef"]
[Black "Slovak, Kilian"]
[Result "0-1"]
[ECO "E63"]
[WhiteElo "2251"]
[BlackElo "2297"]
[PlyCount "74"]
[EventDate "2023.07.01"]
[EventType "swiss"]
[EventRounds "9"]
[EventCountry "CZE"]
[TimeControl "120+30"]

1. Nf3 Nf6 2. c4 g6 3. d4 Bg7 4. g3 O-O 5. Bg2 d6 6. Nc3 Nc6 7. O-O a6 8. Bf4 h6 9. h3 Rb8 10. Rc1 g5 11. Bd2 e5 12. d5 Ne7 13. e4 b5 14. cxb5 axb5 15. b4 c6 16. dxc6 Nxc6 17. a3 Be6 18. Be3 Qd7 19. h4 g4 20. Nd2 Nd4 21. Nd5 Nxd5 22. exd5 Bf5 23. Bxd4 exd4 24. Nb3 d3 25. Qd2 Ra8 26. Na5 Rfe8 27. Rfe1 Rxe1+ 28. Rxe1 Re8 29. Nb3 Rxe1+ 30. Qxe1 Qc8 31. Qe3 Qc3 32. Nd2 Qc1+ 33. Nf1 Bb2 34. Kh2 Bxa3 35. f3 Qxe3 36. Nxe3 d2 37. fxg4 Bxg4 0-1

[Event "29. Klatovy A 2023"]
[Site "Klatovy"]
[Date "2023.07.06"]
[Round "6.3"]
[White "Horak, Martin"]
[Black "Vorisek, Jaroslav"]
[Result "1-0"]
[ECO "C28"]
[WhiteElo "2266"]
[BlackElo "2260"]
[PlyCount "51"]
[EventDate "2023.07.01"]
[EventType "swiss"]
[EventRounds "9"]
[EventCountry "CZE"]
[TimeControl "120+30"]

1. e4 e5 2. Bc4 Nf6 3. d3 Nc6 4. Nc3 Na5 5. Bb3 Bc5 6. Nf3 Nxb3 7. axb3 Qe7 8. O-O h6 9. Na4 d6 10. c3 a5 11. Nxc5 dxc5 12. b4 cxb4 13. cxb4 Qxb4 14. Qc2 O-O 15. Qxc7 Qb5 16. Nxe5 Be6 17. Bd2 a4 18. Bc3 Bb3 19. Nf3 Ra6 20. Nd4 Qxd3 21. Qxb7 Bc4 22. Rfe1 a3 23. Rad1 a2 24. Rxd3 Bxd3 25. b4 Nxe4 26. Ba1 1-0

[Event "29. Klatovy A 2023"]
[Site "Klatovy"]
[Date "2023.07.06"]
[Round "6.4"]
[White "Hurdzan, Tomas"]
[Black "Kupsa, Matej 2001"]
[Result "1-0"]
[ECO "C11"]
[WhiteElo "2309"]
[BlackElo "2145"]
[PlyCount "45"]
[EventDate "2023.07.01"]
[EventType "swiss"]
[EventRounds "9"]
[EventCountry "CZE"]
[TimeControl "120+30"]

1. e4 e6 2. d4 d5 3. Nc3 Nf6 4. e5 Nfd7 5. f4 c5 6. Nf3 Nc6 7. Be3 Be7 8. Qd2 O-O 9. dxc5 Qa5 10. a3 Bxc5 11. Bxc5 Qxc5 12. Bd3 a5 13. O-O-O Rb8 14. Rhe1 b5 15. Bxh7+ Kh8 16. Ng5 b4 17. Na4 bxa3 18. Nxc5 a2 19. Qd3 a1=Q+ 20. Kd2 Qxb2 21. Qh3 Qb4+ 22. Ke2 Re8 23. Nxf7# 1-0

[Event "29. Klatovy A 2023"]
[Site "Klatovy"]
[Date "2023.07.06"]
[Round "6.5"]
[White "Flajsman, Pavel"]
[Black "Soural, Jan"]
[Result "0-1"]
[ECO "D85"]
[WhiteElo "2192"]
[BlackElo "2176"]
[PlyCount "86"]
[EventDate "2023.07.01"]
[EventType "swiss"]
[EventRounds "9"]
[EventCountry "CZE"]
[TimeControl "120+30"]

1. d4 Nf6 2. c4 g6 3. Nc3 d5 4. cxd5 Nxd5 5. e4 Nxc3 6. bxc3 Bg7 7. Qa4+ Nd7 8. Nf3 O-O 9. Be2 c5 10. Qa3 e6 11. O-O b6 12. e5 Bb7 13. Bg5 Qc7 14. Rac1 h6 15. Be3 a6 16. Qb2 c4 17. h4 b5 18. Qd2 Kh7 19. Bf4 Nb6 20. Nh2 Nd5 21. Bg3 Qe7 22. Bf3 Rfc8 23. h5 a5 24. Be4 b4 25. Qc2 Nxc3 26. hxg6+ Kh8 27. Bxb7 Qxb7 28. Rfe1 Nxa2 29. Qxa2 c3 30. Bf4 b3 31. Qb1 c2 32. Qb2 a4 33. Re3 fxg6 34. Rh3 Rab8 35. Ra1 Qb4 36. Bc1 Bf8 37. Rxh6+ Bxh6 38. Bxh6 a3 39. Rxa3 c1=Q+ 40. Bxc1 Qe1+ 41. Nf1 Qxc1 42. Qe2 Qxa3 43. Qf3 Qe7 0-1

[Event "29. Klatovy A 2023"]
[Site "Klatovy"]
[Date "2023.07.06"]
[Round "6.6"]
[White "Palek, Miroslav"]
[Black "Janous, Marek"]
[Result "1/2-1/2"]
[ECO "B47"]
[WhiteElo "2091"]
[BlackElo "2185"]
[PlyCount "74"]
[EventDate "2023.07.01"]
[EventType "swiss"]
[EventRounds "9"]
[EventCountry "CZE"]
[TimeControl "120+30"]

1. e4 c5 2. Nc3 Nc6 3. g3 e6 4. Bg2 Nf6 5. Nge2 Be7 6. O-O a6 7. d4 cxd4 8. Nxd4 Qc7 9. Re1 Nxd4 10. Qxd4 Bc5 11. Qd1 d6 12. Na4 Ba7 13. Be3 Bd7 14. Bxa7 Rxa7 15. Qd4 b5 16. Nc3 e5 17. Qd2 b4 18. Nd1 Qc5 19. a3 bxa3 20. Rxa3 Be6 21. Ree3 O-O 22. Red3 Rd8 23. Ra5 Qc6 24. Rxe5 Rad7 25. Ra5 Nxe4 26. Qe1 d5 27. c3 Nc5 28. Re3 Nb3 29. Ra3 Qb6 30. Rd3 h6 31. Ne3 d4 32. cxd4 Rxd4 33. Rxd4 Nxd4 34. b4 Rc8 35. Ra1 Qb5 36. Qd1 Nb3 37. Bf1 Qxb4 1/2-1/2

[Event "29. Klatovy A 2023"]
[Site "Klatovy"]
[Date "2023.07.06"]
[Round "6.7"]
[White "Jun, Rudolf"]
[Black "Kishore, Kumar Jaganathan"]
[Result "1-0"]
[ECO "B30"]
[WhiteElo "2223"]
[BlackElo "1860"]
[PlyCount "69"]
[EventDate "2023.07.01"]
[EventType "swiss"]
[EventRounds "9"]
[EventCountry "CZE"]
[TimeControl "120+30"]

1. e4 c5 2. Nf3 Nc6 3. c4 e5 4. Nc3 Nf6 5. d3 d6 6. a3 Be7 7. Be2 Be6 8. O-O O-O 9. Rb1 Nd4 10. Nxd4 cxd4 11. Nd5 Nxd5 12. cxd5 Bd7 13. f4 Rc8 14. Bd2 f5 15. fxe5 dxe5 16. exf5 Rxf5 17. Rxf5 Bxf5 18. Bg4 Qd7 19. Bxf5 Qxf5 20. Rc1 Rd8 21. Qe2 Bd6 22. Rf1 Qd7 23. Qe4 Rc8 24. h3 Rc2 25. Bb4 h6 26. Bxd6 Qxd6 27. Rf5 Rxb2 28. Rxe5 Rb1+ 29. Kf2 Rb2+ 30. Kg1 Rb1+ 31. Kf2 Rb2+ 32. Kf3 g6 33. Re6 Qf8+ 34. Kg3 Qf2+ 35. Kh2 1-0